 Dungeon Crawl Stone Soup version 0.21.1-1-g345015f (webtiles) character file.

53 inc the Ducker (level 3, -2/23 HPs)
             Began as an Octopode Transmuter on June 11, 2018.
             Slain by an orc priest (3 damage)
             ... on level 3 of the Dungeon.
             The game lasted 00:01:21 (1196 turns).

inc the Ducker (Octopode Transmuter)                Turns: 1196, Time: 00:01:22

Health: -2/23      AC:  1    Str: 10    XL:     3   Next: 87%
Magic:  6/6        EV: 15    Int: 15    God:
Gold:   62         SH:  0    Dex: 12    Spells: 5/6 levels left

rFire    . . .     SeeInvis .     - Unarmed
rCold    . . .     Gourm    .   (no shield)
rNeg     . . .     Faith    .   (helmet restricted)
rPois    .         Spirit   .   j - amulet of inaccuracy (curse)
rElec    .         Reflect  .   (no ring)
rCorr    .         Harm     .   (no ring)
MR       .....                  (no ring)
Stlth    ++........             (no ring)
HPRegen  0.07/turn              (no ring)
MPRegen  0.10/turn              (no ring)
                                (no ring)
                                (no ring)

@: no status effects
A: almost no armour, stealthy swim, amphibious, 8 rings, constrict 8, camouflage
1, gelatinous body 1
a: no special abilities


You were on level 3 of the Dungeon.
You were not hungry.

You visited 1 branch of the dungeon, and saw 3 of its levels.

You collected 62 gold pieces.

Inventory:

Missiles
 a - 26 arrows
Jewellery
 j - a cursed amulet of inaccuracy (around mantle)
Potions
 f - 2 potions of flight {unknown}
 h - a potion of curing
Books
 b - a book of Changes

   Spells                             Type                      Level
   a - Beastly Appendage              Transmutation                1
   b - Sticks to Snakes               Transmutation                2
   c - Spider Form                    Transmutation/Poison         3
   d - Ice Form                       Ice/Transmutation            4
   e - Blade Hands                    Transmutation                5
Comestibles
 c - 5 rations
 d - 3 chunks of flesh


   Skills:
 - Level 1.0 Fighting
 + Level 4.1 Dodging
 - Level 3.0 Unarmed Combat
 - Level 2.0 Spellcasting
 - Level 2.0 Transmutations


You had 5 spell levels left.
You knew the following spells:

 Your Spells              Type           Power        Failure   Level  Hunger
a - Beastly Appendage     Tmut           #.....       10%         1    #......


Dungeon Overview and Level Annotations

Branches:
Dungeon (3/15)

Altars:
Yredelemnul

Annotations:
D:3 inc's ghost, amateur OpIE


Innate Abilities, Weirdness & Mutations

You cannot wear most types of armour.
You are very stealthy in the water. (Stealth+)
You are amphibious.
You can wear up to eight rings at the same time.
You can use your tentacles to constrict eight enemies at once.
Your skin changes colour to match your surroundings (Stealth+).
Your rubbery body absorbs attacks. (AC +1, EV +1)


Message History

You constrict the orc. The orc hits you with a hand axe.
You tentacle-slap the orc.
The orc is heavily wounded.
You constrict the orc, but do no damage.
The orc hits you with a hand axe!
You tentacle-slap the orc.
You kill the orc!
Things that are here:
a hand axe; a scale mail; an orc corpse The orc hits you.
You tentacle-slap the orc. Your grab misses the orc.
The orc is severely wounded.
The orc completely misses you.
You tentacle-slap the orc.
You kill the orc!
The orc priest invokes the aid of Beogh against you.
Pain shoots through your body!
* * * LOW HITPOINT WARNING * * *
The orc priest hits you.
You die...

# #..##.#
###.### #
#..##.# #..#
###(.##.#
##.#
........# #.#
###..#### #.#
.....# #.#
####.# #)# #
#.# #.#
####.# #@#
...#.# #o#
##.#.## #o#
##....######
#.#
#...........
o.#
...รท(.######
### ##.#<##
.....# ##.###


You could see an orc priest and 2 orcs.

Vanquished Creatures
  An adder (D:2)
  3 leopard geckos
  2 orcs (D:3)
  3 bats (D:1)
  A giant cockroach (D:1)
  4 goblins (D:1)
  3 hobgoblins (D:1)
  6 jackals (D:1)
  A ball python (D:3)
  3 frilled lizards (D:1)
  5 kobolds
  5 rats
37 creatures vanquished.

Notes
Turn   | Place    | Note
-------+----------+-------------------------------------------
     0 | D:1      | inc the Octopode Transmuter began the quest for the Orb.
     0 | D:1      | Reached XP level 1. HP: 13/13 MP: 3/3
   302 | D:1      | Reached XP level 2. HP: 13/18 MP: 5/5
   496 | D:1      | Reached skill level 3 in Dodging
   520 | D:1      | Reached XP level 3. HP: 8/23 MP: 6/6
  1084 | D:2      | Found a basalt altar of Yredelemnul.
  1116 | D:3      | Reached skill level 4 in Dodging
  1179 | D:3      | Noticed inc's ghost (amateur OpIE)
  1195 | D:3      | HP: 1/23 [orc priest/nerve-wracking pain (10)]
  1196 | D:3      | Slain by an orc priest

Skill      XL: |  1  2  3 |
---------------+----------+-----
Dodging        | 3 4 |  4.1
Fighting       | |  1.0
Unarmed Combat | |  3.0
Spellcasting   | |  2.0
Transmutations | |  2.0

Action                   || total
-------------------------++-------
Melee: Unarmed           ||    93
       Constrict         ||    22
       Tentacles         ||    14
       Punch             ||     2
  Use: Scroll            ||     4
 Stab: Sleeping          ||     3
  Eat: Chunk             ||     1
Armor: Skin              ||     8
Dodge: Dodged            ||    58
